TOP OF THE 1ST |
Fresno Grizzlies batting - Pitching for Salt Lake Bees : RHP Jared Pollard
|
Pitching: RHP Jared Pollard
|
|
Batting: RHB Chang-wei Jiang
|
0-0: Ball 1-0: DOUBLE (Flyball, 8LXD, EV 102.5 MPH)
|
Batting: LHB Mike Davis
|
0-0: Called Strike 0-1: Ball 1-1: Ball 2-1: Ball 3-1: Reached on error, E6 (Groundball, 6, EV 81.2 MPH) Chang-wei Jiang to third
|
Batting: RHB Trevor Mock
|
0-0: Ball Wild Pitch! Chang-wei Jiang scores Mike Davis to second 1-0: Ball 2-0: Ball 3-0: Foul Ball, location: 2F 3-1: Base on Balls
|
Batting: LHB Anthony Howie
|
0-0: Ball 1-0: Fielders Choice at 2nd, 4-6 (Groundball, 4, EV 86.9 MPH) Mike Davis to third
|
Batting: RHB Dave Glenn
|
0-0: Called Strike 0-1: Ball 1-1: Ball 2-1: Ground out 5-3 (Groundball, 56S, EV 62.5 MPH) Mike Davis scores Anthony Howie to second
|
Batting: LHB Chris Redding
|
0-0: Ball Wild Pitch! Anthony Howie to third 1-0: Swinging Strike 1-1: Fly out, F9 (Flyball, 9D, EV 88.8 MPH)
|
Top of the 1st over - 2 runs, 1 hit, 1 error, 1 left on base; Fresno 2 - Salt Lake 0 |
BOTTOM OF THE 1ST |
Salt Lake Bees batting - Pitching for Fresno Grizzlies : LHP Chad Dominey
|
Pitching: LHP Chad Dominey
|
|
Batting: RHB Reginald McDougall
|
0-0: Ball 1-0: Ball 2-0: Ball 3-0: Called Strike 3-1: Base on Balls
|
Batting: RHB Guillermo Mojica
|
0-0: Called Strike 0-1: Fly out, F6 (Flyball, 6MD, EV 87.5 MPH)
|
Batting: RHB Andres Mendiola
|
0-0: Called Strike 0-1: Called Strike Reginald McDougall steals 2nd base 0-2: Strikes out swinging
|
Batting: RHB Cesar Ortega
|
0-0: Ball 1-0: Ball 2-0: Called Strike 2-1: Foul Ball, location: 2F 2-2: Strikes out swinging
|
Bottom of the 1st over - 0 runs, 0 hits, 0 errors, 1 left on base; Fresno 2 - Salt Lake 0 |
TOP OF THE 2ND |
Fresno Grizzlies batting - Pitching for Salt Lake Bees : RHP Jared Pollard
|
Batting: LHB Alex Alicea
|
0-0: Ball 1-0: Ground out U3 (Groundball, 3, EV 104.4 MPH)
|
Batting: RHB Joe Berkhahn
|
0-0: Ball 1-0: Called Strike 1-1: Swinging Strike 1-2: Ball 2-2: SINGLE (Line Drive, 9LS, EV 102.5 MPH)
|
Batting: RHB Tom Carico
|
0-0: Swinging Strike 0-1: Ball 1-1: Ball 2-1: Swinging Strike 2-2: Fly out, F8 (Flyball, 89M, EV 92.5 MPH)
|
Batting: RHB Chang-wei Jiang
|
0-0: SINGLE (Groundball, 6S, EV 65.6 MPH) (infield hit) Joe Berkhahn to second
|
Batting: LHB Mike Davis
|
0-0: Ball 1-0: Called Strike 1-1: Ball 2-1: Foul Ball, location: 2F 2-2: Foul Ball, location: 2F 2-2: Foul Ball, location: 2F 2-2: SINGLE (Flyball, 56D, EV 95.6 MPH) Joe Berkhahn to third Chang-wei Jiang to second Runner from 3rd tries for Home, throw by LF and OUT! 7-2
|
Top of the 2nd over - 0 runs, 3 hits, 0 errors, 2 left on base; Fresno 2 - Salt Lake 0 |
BOTTOM OF THE 2ND |
Salt Lake Bees batting - Pitching for Fresno Grizzlies : LHP Chad Dominey
|
Batting: LHB Vinny Carreno
|
0-0: Ball 1-0: Ball 2-0: Foul Ball, location: 2F 2-1: Ball 3-1: Called Strike 3-2: Strikes out looking
|
Batting: LHB Matt Patnaude
|
0-0: Foul Ball, location: 2F 0-1: Ball 1-1: Called Strike 1-2: Ground out 5-3 (Groundball, 15, EV 86.2 MPH)
|
Batting: SHB Ivan Barry
|
0-0: Ball 1-0: Foul Ball, location: 2F 1-1: Ball 2-1: Swinging Strike 2-2: Ball 3-2: Base on Balls
|
Batting: RHB Ryan Marler
|
0-0: Called Strike 0-1: Foul Ball, location: 2F 0-2: Ball 1-2: Strikes out swinging
|
Bottom of the 2nd over - 0 runs, 0 hits, 0 errors, 1 left on base; Fresno 2 - Salt Lake 0 |
TOP OF THE 3RD |
Fresno Grizzlies batting - Pitching for Salt Lake Bees : RHP Jared Pollard
|
Batting: RHB Trevor Mock
|
0-0: Called Strike 0-1: Foul Ball, location: 2F 0-2: Reached on error, E5 (Groundball, 56S, EV 85.0 MPH)
|
Batting: LHB Anthony Howie
|
0-0: Foul Ball, location: 2F 0-1: Ball 1-1: Ball 2-1: Swinging Strike 2-2: Strikes out swinging
|
Batting: RHB Dave Glenn
|
0-0: Called Strike 0-1: Ball 1-1: Ball Trevor Mock steals 2nd base 2-1: Called Strike Trevor Mock steals 3rd base (no throw) 2-2: Ball 3-2: Ground out 6-3 (Groundball, 6, EV 104.4 MPH) Trevor Mock scores
|
Batting: LHB Chris Redding
|
0-0: Ball 1-0: Called Strike 1-1: Called Strike 1-2: SINGLE (Flyball, 6MD, EV 85.0 MPH)
|
Batting: LHB Alex Alicea
|
0-0: Called Strike 0-1: Foul Ball, location: 2F 0-2: Strikes out swinging
|
Top of the 3rd over - 1 run, 1 hit, 1 error, 1 left on base; Fresno 3 - Salt Lake 0 |
BOTTOM OF THE 3RD |
Salt Lake Bees batting - Pitching for Fresno Grizzlies : LHP Chad Dominey
|
Batting: SHB Brendan Bundy
|
0-0: Ball 1-0: Ball 2-0: Called Strike 2-1: Foul Ball, location: 2F 2-2: SINGLE (Groundball, 4, EV 95.0 MPH)
|
Batting: RHB Reginald McDougall
|
0-0: SINGLE (Groundball, 34D, EV 101.9 MPH) Brendan Bundy to second Runner from 2nd tries for 3rd, SAFE, throw by RF made to third
|
Batting: RHB Guillermo Mojica
|
0-0: Called Strike 0-1: Ball 1-1: Called Strike 1-2: Foul Ball, location: 2F 1-2: Ground out 4-3 (Groundball, 4, EV 97.5 MPH) Brendan Bundy scores Reginald McDougall to second
|
Batting: RHB Andres Mendiola
|
0-0: Foul Ball, location: 2F 0-1: Swinging Strike 0-2: Foul Ball, location: 2F 0-2: Ground out 4-3 (Groundball, 4, EV 83.8 MPH) Reginald McDougall to third
|
Batting: RHB Cesar Ortega
|
0-0: Ball 1-0: Ball 2-0: Foul Ball, location: 2F 2-1: Foul Ball, location: 2F 2-2: Fly out, F2 (Popup, 15S, EV 82.5 MPH)
|
Bottom of the 3rd over - 1 run, 2 hits, 0 errors, 1 left on base; Fresno 3 - Salt Lake 1 |
TOP OF THE 4TH |
Fresno Grizzlies batting - Pitching for Salt Lake Bees : RHP Jared Pollard
|
Batting: RHB Joe Berkhahn
|
0-0: Fly out, F8 (Flyball, 89XD, EV 104.4 MPH)
|
Batting: RHB Tom Carico
|
0-0: Foul Ball, location: 2F 0-1: Swinging Strike 0-2: Strikes out swinging
|
Batting: RHB Chang-wei Jiang
|
0-0: Called Strike 0-1: Ball 1-1: Swinging Strike 1-2: Foul Ball, location: 2F 1-2: SINGLE (Flyball, 3D, EV 96.2 MPH)
|
Batting: LHB Mike Davis
|
0-0: TRIPLE (Line Drive, 78XD, EV 104.4 MPH) Chang-wei Jiang scores
|
Batting: RHB Trevor Mock
|
0-0: Ball 1-0: Ball 2-0: Called Strike 2-1: Ball 3-1: Foul Ball, location: 2F 3-2: Fly out, F3 (Popup, 3SF, EV 75.6 MPH)
|
Top of the 4th over - 1 run, 2 hits, 0 errors, 1 left on base; Fresno 4 - Salt Lake 1 |
BOTTOM OF THE 4TH |
Salt Lake Bees batting - Pitching for Fresno Grizzlies : LHP Chad Dominey
|
Batting: LHB Vinny Carreno
|
0-0: Called Strike 0-1: Ball 1-1: Ball 2-1: Called Strike 2-2: Strikes out swinging
|
Batting: LHB Matt Patnaude
|
0-0: Ball 1-0: Ball 2-0: Called Strike 2-1: SINGLE (Line Drive, 6D, EV 100.0 MPH)
|
Batting: SHB Ivan Barry
|
0-0: Ball 1-0: Grounds into double play, 4-6-3 (Groundball, 4, EV 108.1 MPH)
|
Bottom of the 4th over - 0 runs, 1 hit, 0 errors, 0 left on base; Fresno 4 - Salt Lake 1 |
TOP OF THE 5TH |
Fresno Grizzlies batting - Pitching for Salt Lake Bees : RHP Jared Pollard
|
Batting: LHB Anthony Howie
|
0-0: Ball 1-0: Ball 2-0: Ball 3-0: Called Strike 3-1: Fly out, F8 (Line Drive, 8LD, EV 93.1 MPH)
|
Batting: RHB Dave Glenn
|
0-0: Ball 1-0: Foul Ball, location: 2F 1-1: Foul Ball, location: 2F 1-2: Ball 2-2: Foul Ball, location: 2F 2-2: Ground out 5-3 (Groundball, 56, EV 80.0 MPH)
|
Batting: LHB Chris Redding
|
0-0: Ball 1-0: Called Strike 1-1: Ball 2-1: Ball 3-1: Called Strike 3-2: Foul Ball, location: 2F 3-2: Strikes out swinging
|
Top of the 5th over - 0 runs, 0 hits, 0 errors, 0 left on base; Fresno 4 - Salt Lake 1 |
BOTTOM OF THE 5TH |
Salt Lake Bees batting - Pitching for Fresno Grizzlies : LHP Chad Dominey
|
Batting: RHB Ryan Marler
|
0-0: Called Strike 0-1: Ball 1-1: Fly out, F4 (Line Drive, 4, EV 72.5 MPH)
|
Batting: SHB Brendan Bundy
|
0-0: Called Strike 0-1: Swinging Strike 0-2: SINGLE (Groundball, 56D, EV 96.2 MPH)
|
Batting: RHB Reginald McDougall
|
0-0: Ball 1-0: Ball 2-0: Foul Ball, location: 2F 2-1: Called Strike 2-2: Ball 3-2: Foul Ball, location: 2F 3-2: Foul Ball, location: 2F 3-2: Strikes out swinging
|
Batting: RHB Guillermo Mojica
|
0-0: Foul Ball, location: 2F 0-1: Foul Ball, location: 2F 0-2: Strikes out swinging
|
Bottom of the 5th over - 0 runs, 1 hit, 0 errors, 1 left on base; Fresno 4 - Salt Lake 1 |
TOP OF THE 6TH |
Fresno Grizzlies batting - Pitching for Salt Lake Bees : RHP Jared Pollard
|
Pitching: RHP Bill Tindall
|
|
Batting: LHB Alex Alicea
|
0-0: Ground out U3 (Groundball, 3, EV 86.9 MPH)
|
Batting: RHB Joe Berkhahn
|
0-0: Swinging Strike 0-1: Ball 1-1: Ground out 6-3 (Groundball, 6, EV 80.6 MPH)
|
Batting: RHB Tom Carico
|
0-0: Ground out 4-3 (Groundball, 4M, EV 76.2 MPH)
|
Top of the 6th over - 0 runs, 0 hits, 0 errors, 0 left on base; Fresno 4 - Salt Lake 1 |
BOTTOM OF THE 6TH |
Salt Lake Bees batting - Pitching for Fresno Grizzlies : LHP Chad Dominey
|
Batting: RHB Andres Mendiola
|
0-0: Ball 1-0: Ball 2-0: Foul Ball, location: 2F 2-1: Called Strike 2-2: Ball 3-2: Foul Ball, location: 2F 3-2: Base on Balls
|
Batting: RHB Cesar Ortega
|
0-0: Ball 1-0: Ball 2-0: Called Strike 2-1: Foul Ball, location: 2F 2-2: Ball 3-2: Strikes out looking
|
Batting: LHB Vinny Carreno
|
0-0: Called Strike 0-1: Fly out, F8 (Line Drive, 8LD, EV 99.4 MPH)
|
Batting: LHB Matt Patnaude
|
0-0: Ball 1-0: Ball 2-0: Swinging Strike 2-1: Foul Ball, location: 2F 2-2: Fly out, F4 (Line Drive, 34D, EV 83.1 MPH)
|
Bottom of the 6th over - 0 runs, 0 hits, 0 errors, 1 left on base; Fresno 4 - Salt Lake 1 |
TOP OF THE 7TH |
Fresno Grizzlies batting - Pitching for Salt Lake Bees : RHP Bill Tindall
|
Batting: RHB Chang-wei Jiang
|
0-0: Ball 1-0: Ball 2-0: Called Strike 2-1: SINGLE (Groundball, 25, EV 70.0 MPH) (infield hit)
|
Batting: LHB Mike Davis
|
0-0: Called Strike 0-1: Foul Ball, location: 2F 0-2: Ball 1-2: Ball 2-2: Fly out, F8 (Flyball, 8RD, EV 97.5 MPH)
|
Batting: RHB Trevor Mock
|
0-0: Called Strike Chang-wei Jiang steals 2nd base 0-1: SINGLE (Groundball, 56D, EV 99.4 MPH) Chang-wei Jiang to third Runner from 3rd tries for Home, throw by LF and OUT! 7-2 Trevor Mock to second
|
Batting: LHB Anthony Howie
|
0-0: Ball 1-0: Ball 2-0: SINGLE (Line Drive, 34D, EV 100.0 MPH) Trevor Mock to third
|
Batting: RHB Dave Glenn
|
0-0: Foul Ball, location: 2F 0-1: Ball 1-1: Swinging Strike 1-2: Fly out, F8 (Flyball, 8LD, EV 103.1 MPH)
|
Top of the 7th over - 0 runs, 3 hits, 0 errors, 2 left on base; Fresno 4 - Salt Lake 1 |
BOTTOM OF THE 7TH |
Salt Lake Bees batting - Pitching for Fresno Grizzlies : LHP Chad Dominey
|
Pitching: RHP Willie Jimenez
|
|
Batting: SHB Ivan Barry
|
0-0: Ball 1-0: SINGLE (Line Drive, 4MD, EV 96.2 MPH)
|
Batting: RHB Ryan Marler
|
0-0: Ball 1-0: Swinging Strike 1-1: Ball 2-1: Foul Ball, location: 2F 2-2: Foul Ball, location: 2F 2-2: Ball 3-2: Strikes out swinging Ivan Barry steals 2nd base Batter strikes out.
|
Batting: SHB Brendan Bundy
|
0-0: Ball 1-0: Swinging Strike 1-1: Foul Ball, location: 2F 1-2: Strikes out looking
|
Batting: RHB Reginald McDougall
|
0-0: Ground out 4-3 (Groundball, 4, EV 82.5 MPH)
|
Bottom of the 7th over - 0 runs, 1 hit, 0 errors, 1 left on base; Fresno 4 - Salt Lake 1 |
TOP OF THE 8TH |
Fresno Grizzlies batting - Pitching for Salt Lake Bees : RHP Bill Tindall
|
Pitching: LHP Nick Yarbrough
|
|
Batting: LHB Chris Redding
|
0-0: Called Strike 0-1: Fly out, F6 (Popup, 6MS, EV 83.1 MPH)
|
Batting: LHB Alex Alicea
|
0-0: Ball 1-0: Foul Ball, location: 2F 1-1: Swinging Strike 1-2: Foul Ball, location: 2F 1-2: Ground out 6-3 (Groundball, 6, EV 105.0 MPH)
|
Batting: RHB Joe Berkhahn
|
0-0: Ball 1-0: Fly out, F7 (Flyball, 78S, EV 85.0 MPH)
|
Top of the 8th over - 0 runs, 0 hits, 0 errors, 0 left on base; Fresno 4 - Salt Lake 1 |
BOTTOM OF THE 8TH |
Salt Lake Bees batting - Pitching for Fresno Grizzlies : RHP Willie Jimenez
|
Batting: RHB Guillermo Mojica
|
0-0: Called Strike 0-1: Ground out 6-3 (Groundball, 6, EV 104.4 MPH)
|
Batting: RHB Andres Mendiola
|
0-0: Foul Ball, location: 2F 0-1: SINGLE (Groundball, 4MD, EV 96.9 MPH)
|
Batting: RHB Cesar Ortega
|
0-0: Ball 1-0: Grounds into double play, 6-4-3 (Groundball, 6MS, EV 85.6 MPH)
|
Bottom of the 8th over - 0 runs, 1 hit, 0 errors, 0 left on base; Fresno 4 - Salt Lake 1 |
TOP OF THE 9TH |
Fresno Grizzlies batting - Pitching for Salt Lake Bees : LHP Nick Yarbrough
|
Batting: RHB Tom Carico
|
0-0: Foul Ball, location: 2F 0-1: Ball 1-1: Swinging Strike 1-2: Ball 2-2: Foul Ball, location: 2F 2-2: Strikes out swinging
|
Batting: RHB Chang-wei Jiang
|
0-0: Ball 1-0: Ball 2-0: SINGLE (Line Drive, 4MD, EV 94.4 MPH)
|
Batting: LHB Mike Davis
|
0-0: Ball 1-0: Called Strike 1-1: Called Strike 1-2: Strikes out swinging
|
Batting: RHB Trevor Mock
|
0-0: Fly out, F3 (Popup, 23F, EV 85.0 MPH)
|
Top of the 9th over - 0 runs, 1 hit, 0 errors, 1 left on base; Fresno 4 - Salt Lake 1 |
BOTTOM OF THE 9TH |
Salt Lake Bees batting - Pitching for Fresno Grizzlies : RHP Willie Jimenez
|
Pitching: RHP Jose Guajardo
|
|
Batting: LHB Vinny Carreno
|
0-0: Ball 1-0: Foul Ball, location: 2F 1-1: Ball 2-1: Ground out U3 (Groundball, 34S, EV 90.0 MPH)
|
Batting: LHB Matt Patnaude
|
0-0: Ball 1-0: Ball 2-0: Ball 3-0: Called Strike 3-1: Called Strike 3-2: Foul Ball, location: 2F 3-2: Foul Ball, location: 2F 3-2: Strikes out swinging
|
Batting: SHB Ivan Barry
|
0-0: Fly out, F6 (Popup, P, EV 79.4 MPH)
|
Bottom of the 9th over - 0 runs, 0 hits, 0 errors, 0 left on base; Fresno 4 - Salt Lake 1 |
|